 Dungeon Crawl Stone Soup version 0.21.1-1-g345015fe64 (webtiles) character file.

4510 Loge the Cleaver (level 10, -8/90 HPs)
             Began as a Minotaur Berserker on July 12, 2018.
             Was a High Priest of Trog.
             Killed from afar by an efreet (14 damage)
             ... with a bolt of fire
             ... in a volcano.
             The game lasted 00:15:12 (6310 turns).

Loge the Cleaver (Minotaur Berserker)               Turns: 6310, Time: 00:15:13

Health: -8/90      AC: 20    Str: 26    XL:     10   Next: 16%
Magic:  9/9        EV:  9    Int:  7    God:    Trog [*****.]
Gold:   543        SH: 13    Dex: 12    Spells: 9/9 levels left

rFire    . . .     SeeInvis .   D - +0 war axe
rCold    . . .     Gourm    .   o - +2 shield
rNeg     . . .     Faith    .   O - +0 plate armour
rPois    .         Spirit   .   H - +2 hat
rElec    .         Reflect  .   j - +0 cloak
rCorr    .         Harm     .   t - +1 pair of gloves {Str+3}
MR       .....                  v - +0 pair of boots
Stlth    ..........             (no amulet)
HPRegen  0.25/turn              p - +3 ring of intelligence
MPRegen  0.11/turn              (no ring)

@: no status effects
A: retaliatory headbutt, horns 2
a: Berserk, Trog's Hand, Brothers in Arms, Burn Spellbooks, Renounce Religion


You were in a volcano.
You worshipped Trog.
Trog was extremely pleased with you.
You were not hungry.

You visited 2 branches of the dungeon, and saw 9 of its levels.
You also visited: Volcano.

You collected 543 gold pieces.

Inventory:

Hand Weapons
 a - a +0 hand axe
 D - a +0 war axe (weapon)
 J - a +0 shortbow
Missiles
 d - 357 stones (quivered)
 e - 36 bolts
 f - 25 tomahawks
 l - 18 poisoned needles
 y - 58 arrows
Armour
 j - a +0 cloak (worn)
 o - a +2 shield (worn)
 t - a +1 pair of gloves of strength (worn)
 v - a +0 pair of boots (worn)
 H - a +2 hat (worn)
 O - a +0 plate armour (worn)
Jewellery
 p - a +3 ring of intelligence (left hand)
Wands
 m - a wand of random effects (52)
 B - a wand of polymorph (33)
 M - a wand of iceblast (9)
 N - a wand of clouds (2)
Scrolls
 g - 7 scrolls of identify
 h - a scroll of noise {unknown}
 i - 5 scrolls of remove curse
 n - 2 scrolls of magic mapping
 q - a scroll of fog {unknown}
 r - a scroll of teleportation {unknown}
 s - a scroll of immolation {unknown}
 u - 2 scrolls of amnesia
 w - 2 scrolls of enchant armour {unknown}
 A - 3 scrolls of blinking {unknown}
 C - 2 scrolls of enchant weapon {unknown}
 E - a scroll of fear {unknown}
Potions
 b - 3 potions of curing
 k - a potion of lignification {unknown}
 x - 3 potions of brilliance {unknown}
 z - a potion of berserk rage {unknown}
 F - a potion of haste {unknown}
 G - a potion of degeneration {unknown}
 I - a potion of heal wounds {unknown}
 P - a potion of flight {unknown}
Books
 K - a book of Callings

   Spells                             Type                      Level
   a - Summon Small Mammal            Summoning                    1
   b - Call Imp                       Summoning                    2
   c - Call Canine Familiar           Summoning                    3
   d - Summon Guardian Golem          Hexes/Summoning              3
   e - Summon Lightning Spire         Summoning/Air                4
   f - Summon Ice Beast               Ice/Summoning                4
   Trog disapproves of the use of such an item.
Comestibles
 c - 19 rations


   Skills:
 + Level 8.8 Fighting
 + Level 9.0 Axes
 + Level 8.4 Armour
 + Level 7.6 Dodging
 + Level 7.4 Shields


You had 9 spell levels left.
You didn't know any spells.

Dungeon Overview and Level Annotations

Branches:
Dungeon (8/15)             Temple (0/1) D:6            Lair (1/6) D:8

Altars:
Dithmenos

Shops:
D:8 [


Innate Abilities, Weirdness & Mutations

You reflexively headbutt those who attack you in melee.
You have a pair of horns on your head.


Message History

The fire elemental hits you.
You hit the fire elemental but do no damage.
The fire elemental is heavily damaged.
The fire elemental closely misses you.
The fire elemental completely misses you.
The efreet gestures at you.
The bolt of fire hits the earth elemental.
The earth elemental completely resists.
The bolt of fire hits the fire elemental.
The fire elemental completely resists.
The bolt of fire hits you!
* * * LOW HITPOINT WARNING * * *
You barely miss the fire elemental.
The fire elemental is heavily damaged.
You block the fire elemental's attack. The efreet gestures at you.
The bolt of fire hits the earth elemental.
The earth elemental completely resists.
The bolt of fire misses the fire elemental.
The bolt of fire hits you!
You die...

#........≈§§.≈≈.
##....§§§≈§§§≈§≈
#.....§§§≈≈≈≈≈≈≈
##....§§§≈≈≈≈≈≈≈
#.....≈≈§§≈≈≈≈≈≈
##.....§≈§≈≈§§≈.
###...§§§.≈.≈. ##
##.#.........§
##≈§##@###..###..
#≈≈§≈E## ### ##
#≈≈≈.E# #§≈≈.!R§
#§§≈≈[).#
#≈≈≈.∩[$#
##≈≈≈..§#
#≈≈§≈..) ##§≈≈≈.#


You could see an earth elemental, an efreet and a fire elemental.

Vanquished Creatures
  An elephant (D:8)
  A spiny frog (Lair:1)
  The ghost of Htamos the Conjurer, a novice OpWz of Sif Muna (D:5)
  A komodo dragon (Lair:1)
  2 hippogriffs
  A spriggan (D:7)
  Menkaure (D:7)
  A water moccasin (D:6)
  An ice beast (D:7)
  An orc warrior (D:7)
  A sky beast (D:5)
  A centaur (D:6)
  A phantom (D:6)
  2 crocodiles (D:8)
  5 bullfrogs
  5 scorpions
  6 wights
  2 howler monkeys
  3 crimson imps
  2 quasits
  A jelly (D:5)
  6 orc priests
  2 centaur skeletons
  3 hounds
  11 orc wizards
  A bullfrog skeleton (D:6)
  4 worker ants
  13 adders
  A shadow imp (D:7)
  2 oozes (D:2)
  6 worms
  A dart slug (D:2)
  4 leopard geckos
  37 orcs
  10 bats
  7 giant cockroaches
  8 goblins
  8 hobgoblins
  8 jackals
  5 quokkas
  A ball python (D:1)
  2 frilled lizards
  3 kobolds
  A leopard gecko skeleton (D:8)
  3 rats
187 creatures vanquished.

Notes
Turn   | Place    | Note
-------+----------+-------------------------------------------
     0 | D:1      | Loge the Minotaur Berserker began the quest for the Orb.
     0 | D:1      | Reached XP level 1. HP: 19/19 MP: 0/0
   206 | D:1      | Reached XP level 2. HP: 24/27 MP: 1/1
   217 | D:1      | Reached skill level 4 in Axes
   523 | D:1      | Reached ** piety under Trog
   719 | D:2      | Reached XP level 3. HP: 27/33 MP: 2/2
   945 | D:2      | Reached XP level 4. HP: 35/40 MP: 3/3
  1389 | D:3      | Reached skill level 1 in Shields
  1513 | D:3      | Reached XP level 5. HP: 47/47 MP: 4/4
  1601 | D:3      | Reached skill level 5 in Axes
  1645 | D:3      | Reached *** piety under Trog
  2394 | D:4      | Reached XP level 6. HP: 30/55 MP: 5/5
  3224 | D:5      | Entered Level 5 of the Dungeon
  3260 | D:5      | Reached skill level 5 in Fighting
  3513 | D:5      | Noticed Htamos's ghost (novice OpWz)
  3519 | D:5      | Killed Htamos's ghost
  3519 | D:5      | Reached XP level 7. HP: 55/61 MP: 6/6
  3533 | D:5      | Found a shadowy altar of Dithmenos.
  3553 | D:5      | Reached skill level 5 in Armour
  3624 | D:5      | Reached skill level 6 in Axes
  4101 | D:6      | Reached skill level 5 in Dodging
  4101 | D:6      | Reached XP level 8. HP: 70/70 MP: 7/7
  4172 | D:6      | Reached **** piety under Trog
  4222 | D:6      | Reached skill level 7 in Axes
  4240 | D:6      | Reached skill level 5 in Shields
  4280 | D:6      | Found a staircase to the Ecumenical Temple.
  4702 | D:7      | Noticed Menkaure
  4715 | D:7      | Killed Menkaure
  4715 | D:7      | Reached XP level 9. HP: 28/79 MP: 8/8
  5208 | D:7      | Reached ***** piety under Trog
  5257 | D:7      | Reached skill level 8 in Axes
  5784 | D:8      | Found Poidyzyd's Antique Armour Shop.
  5970 | D:8      | Noticed an elephant
  5970 | D:8      | Found a staircase to the Lair.
  5984 | D:8      | Killed an elephant
  6178 | Lair:1   | Entered Level 1 of the Lair of Beasts
  6188 | Lair:1   | Noticed a komodo dragon
  6192 | Lair:1   | Killed a komodo dragon
  6192 | Lair:1   | Reached XP level 10. HP: 72/90 MP: 9/9
  6193 | Lair:1   | Noticed a spiny frog
  6201 | Lair:1   | Killed a spiny frog
  6201 | Lair:1   | Reached skill level 9 in Axes
  6219 | Lair:1   | Found a dark tunnel.
  6278 | Volcano  | Entered a volcano
  6310 | Volcano  | Killed from afar by an efreet

Skill      XL: |  1  2  3  4  5  6  7  8  9 10 |
---------------+-------------------------------+-----
Axes           | 4 5 6 7 8 9 |  9.0
Fighting       | 4 5 6 7 8 |  8.8
Armour         | 3 4 5 6 8 |  8.4
Dodging        | 3 4 5 6 7 |  7.6
Shields        | 1 2 3 4 5 7 |  7.4

Action                   |  1- 3 |  4- 6 |  7- 9 | 10-12 || total
-------------------------+-------+-------+-------+-------++-------
Melee: Hand axe          |    66 |   127 |       |       ||   193
       Headbutt          |    10 |    26 |    58 |     2 ||    96
       War axe           |       |    25 |   327 |    23 ||   375
Invok: Berserk           |       |       |     1 |       ||     1
  Use: Scroll            |       |       |     4 |       ||     4
 Stab: Distracted        |       |       |     1 |       ||     1
  Eat: Chunk             |       |     8 |    11 |       ||    19
Armor: Ring mail         |    15 |       |       |       ||    15
       Animal skin       |     1 |       |       |       ||     1
       Chain mail        |    19 |    78 |   146 |       ||   243
       Plate armour      |       |       |    32 |    11 ||    43
Dodge: Dodged            |    37 |    31 |   102 |    11 ||   181
Block: Shield            |    11 |    98 |   235 |    16 ||   360
